 Dungeon Crawl Stone Soup version 0.28.0-45-g0d030f2227 (webtiles) character file.

Game seed: 14722060317991525026

87 protoss039 the Skirmisher (level 4, 0/29 HPs)
             Began as a Gargoyle Fighter on Apr 8, 2022.
             Splashed by a jelly's acid (10 damage)
             ... on level 2 of the Dungeon.
             The game lasted 00:02:31 (2112 turns).

protoss039 the Skirmisher (Gargoyle Fighter)        Turns: 2112, Time: 00:02:32

Health: 0/29       AC: 11    Str: 21    XL:     4   Next: 51%
Magic:  4/4        EV:  5    Int:  9    God:
Gold:   138        SH:  4    Dex:  9    Spells: 3/3 levels left

rFire   . . .      SeeInvis .   a - +0 flail
rCold   . . .      Faith    .   c - +0 buckler
rNeg    + . .      Spirit   .   i - +0 plate armour
rPois   ∞          Reflect  .   (no helmet)
rElec   +          Harm     .   (no cloak)
rCorr   .          Rampage  .   (no gloves)
Will    .....                   (no boots)
Stlth   ..........              (no amulet)
HPRegen 0.09/turn               (no ring)
MPRegen 0.09/turn               (no ring)

@: corroded
A: sickness immunity, AC +3, negative energy resistance 1, electricity
resistance, torment resistance 1, petrification resistance
a: no special abilities


You were on level 2 of the Dungeon.
You visited 1 branch of the dungeon, and saw 2 of its levels.

You collected 138 gold pieces.

Inventory:

Hand Weapons
 a - a +0 flail (weapon)
Armour
 c - a +0 buckler (worn)
 i - a +0 plate armour (worn)
Scrolls
 b - a scroll of identify {unknown}
 e - a scroll of amnesia {unknown}
 g - a scroll of fear {unknown}
 h - a scroll of teleportation {unknown}
Potions
 d - 2 potions of might
 f - 2 potions of curing {unknown}
 j - 2 potions of mutation {unknown}
 k - a potion of heal wounds {unknown}


   Skills:
 + Level 4.0 Fighting
 + Level 2.8 Maces & Flails
 + Level 4.0 Armour
 + Level 4.0 Shields


You had 3 spell levels left.
You didn't know any spells.
Your spell library contained the following spells:

 Spells                   Type           Power      Damage    Failure   Level
 Call Canine Familiar     Summ           0%         N/A       100%        3
 Portal Projectile        Hex/Tloc       0%         N/A       100%        3
 Leda's Liquefaction      Hex/Erth       0%         N/A       100%        4


Dungeon Overview and Level Annotations

Branches:
Dungeon (2/15)

Altars:


Innate Abilities, Weirdness & Mutations

You are immune to sickness and miasma.
Your stone body is resilient. (AC +3)
You are immune to poison.
You resist negative energy. (rN+)
You are resistant to electric shocks. (rElec)
You are resistant to unholy torment.
You are immune to petrification.


Message History

Unknown command.
You hit the endoplasm.
The endoplasm is almost dead.
The endoplasm freezes you.
You are frozen.
Unknown command.
You hit the endoplasm.
You kill the endoplasm!
Unknown command.
You hit the endoplasm.
The endoplasm is almost dead.
You block the endoplasm's attack.
Unknown command.
You hit the endoplasm.
You kill the endoplasm!
Unknown command.
You start resting.
An endoplasm is nearby!
You start resting.
An endoplasm is nearby!
You sock the endoplasm!
You kill the endoplasm!
The jelly quivers.
A jelly is nearby!
There is an open door here.
You start resting.
A jelly is nearby!
Unknown command.
The jelly hits you but does no damage.
There is an open door here.
You hit the jelly.
Your hands burn!
The jelly is lightly wounded.
The jelly hits you but does no damage. x2
You sock the jelly!
Your hands burn!
The jelly is heavily wounded.
The jelly hits you but does no damage.
You hit the jelly. The acid corrodes you!
Your hands burn!
The jelly is severely wounded.
The jelly hits you.
You are splashed with acid!
You die...

#.P..÷÷... #.........#
#......... #.........#
#...PJ÷.P. #........<#
#.PJPJ.... #.........##
#÷P.JJJ.P. #...........
#'####### #...........
##.J.)..###.#...###...
########.##.#..#####..
#....@J.###.#......<..
#....#### #.#.######..
#..[....# #.#.# #.. #.......#
#...# #.# # #.......###..##
##.# #.
#.......##^..######.># ?
#.### ##.....###..........##
8.#>...####.))#####.......###
........###'''###)........#


You could see a jelly.

Vanquished Creatures
  A gnoll (D:1)
  2 adders (D:2)
  A worm (D:2)
  2 dart slugs (D:1)
  8 endoplasms
  3 giant cockroaches (D:1)
  5 goblins (D:1)
  3 hobgoblins
  11 kobolds
  A quokka (D:1)
  A ball python (D:1)
  4 bats (D:1)
  2 frilled lizards (D:1)
  7 rats
51 creatures vanquished.

Vanquished Creatures (others)
  5 fungi (D:2)
  8 toadstools (D:2)
13 creatures vanquished.

Grand Total: 64 creatures vanquished

Notes
Turn   | Place    | Note
-------+----------+-------------------------------------------
     0 | D:1      | protoss039 the Gargoyle Fighter began the quest for the
                  | Orb.
     0 | D:1      | Reached XP level 1. HP: 14/14 MP: 1/1
    54 | D:1      | Reached XP level 2. HP: 8/19 MP: 2/2
   722 | D:1      | Reached XP level 3. HP: 14/24 MP: 3/3
  1724 | D:2      | Reached XP level 4. HP: 21/29 MP: 4/4
  2112 | D:2      | Splashed by a jelly's acid

Illustrated notes

Levels and vault maps discovered:
D:1:      minmay_arrival_up_and_down, layout_loops_corners, minmay_misc_feat_x,
          minmay_rat_gold_closets
D:2:      cheibrodos_fertilizer, layout_rooms,
          dreamdust_ecumenical_altar_angels_and_demons

Skill      XL: |  1  2  3  4 |
---------------+-------------+-----
Fighting       | 4 |  4.0
Armour         | 4 |  4.0
Shields        | 4 |  4.0
Maces & Flails | |  2.8

Action                   |  1- 3 |  4- 6 || total
-------------------------+-------+-------++-------
Melee: Flail             |   140 |    47 ||   187
Armor: Scale mail        |    50 |       ||    50
       Plate armour      |    41 |    56 ||    97
Dodge: Dodged            |    53 |    22 ||    75
Block: Buckler           |    33 |     7 ||    40
